 Dungeon Crawl Stone Soup version 0.29-a0-233-g1125b37a9b (console) character file.

Game seed: 10740564755030817894

16 petzl the Vexing (level 2, -2/20 (21) HPs)
             Began as a Formicid Arcane Marksman on Mar 1, 2022.
             Slain by an adder (4 damage)
             ... on level 3 of the Dungeon.
             The game lasted 00:10:08 (1980 turns).

petzl the Vexing (Formicid Arcane Marksman)         Turns: 1980, Time: 00:10:08

HP:   -2/20 (21)    AC:  6    Str: 14    XL:     2   Next: 75%
MP:   4/4           EV: 10    Int: 12    God:
Gold: 66            SH:  0    Dex: 11    Spells: 2/3 levels left

rFire   . . .      SeeInvis +   a - +0 short sword
rCold   . . .      Faith    .   (no shield)
rNeg    . . .      Spirit   .   g - +0 ring mail
rPois   .          Reflect  .   (helmet unavailable)
rElec   .          Harm     .   (no cloak)
rCorr   .          Rampage  .   (no gloves)
Will    .....                   l - +0 pair of boots
Stlth   +.........              (no amulet)
HPRegen 0.06/turn               (no ring)
MPRegen 0.09/turn               (no ring)

@: lightly drained
A: permanent stasis, dig shafts and tunnels, antennae 3, four strong arms
a: Dig, Shaft Self


You were on level 3 of the Dungeon.
You visited 1 branch of the dungeon, and saw 3 of its levels.

You collected 66 gold pieces.

Inventory:

Hand Weapons
 a - a +0 short sword (weapon)
 b - a +0 hand crossbow
Missiles
 j - 24 stones (quivered)
Armour
 d - a +0 robe
 g - a +0 ring mail (worn)
 l - a +0 pair of boots (worn)
Scrolls
 i - a scroll of immolation {unknown}
 k - a scroll of teleportation {unknown}
 m - 2 scrolls of identify {unknown}
Potions
 c - a potion of magic {unknown}
 e - a potion of cancellation {unknown}
 f - a potion of berserk rage {unknown}
 n - a potion of curing {unknown}


   Skills:
 + Level 1.3 Fighting
 + Level 2.2 Crossbows
 + Level 0.7 Armour
 + Level 2.0 Dodging
 + Level 1.0 Stealth
 + Level 1.3 Spellcasting
 - Level 3.6 Hexes


You had 2 spell levels left.
You knew the following spells:

 Your Spells              Type           Power      Damage    Failure   Level
a - Slow                  Hex            36%        N/A       14%         1

Your spell library contained the following spells:

 Spells                   Type           Power      Damage    Failure   Level
 Inner Flame              Hex/Fire       5%         N/A       65%         3
 Portal Projectile        Hex/Tloc       10%        N/A       65%         3
 Cause Fear               Hex            4%         N/A       80%         4


Dungeon Overview and Level Annotations

Branches:
Dungeon (2/15)

Altars:
Ru

Annotations:
D:2 exclusion: upstairs


Innate Abilities, Weirdness & Mutations

You cannot be hasted, slowed, berserked, paralysed or teleported.
You can dig through walls and to a lower floor.
You have a pair of large antennae on your head. (SInv)
Your four strong arms can wield two-handed weapons with a shield.


Message History

You miss the adder.
You feel sick.
You are no longer poisoned.
The adder bites you but does no damage. x2
You closely miss the adder. The adder bites you.
You hit the adder.
The adder is lightly wounded.
The adder bites you.
You miss the adder.
The adder is lightly wounded.
A nearby plant withers and dies.
The adder closely misses you. x2
You barely miss the adder.
The adder is lightly wounded.
The adder bites you but does no damage. The adder bites you.
The adder bites you.
You are poisoned.
The adder poisons you!
You feel sick. The adder bites you but does no damage.
You feel sick.
You feel sick. The adder closely misses you.
You feel sick.
You are no longer poisoned.
You see here an atropa-tipped dart.
o - an atropa-tipped dart The adder bites you but does no damage.
Throw: dart (atropa)
Press: ? - help, Q - select action, (/) - cycle Shift-Dir - straight line, f/p - adder
Aim: an adder (lightly wounded, 32% to hit, chance to blind on hit: 100%)
You throw an atropa-tipped dart.
The atropa-tipped dart completely misses the adder.
The adder bites you but does no damage.
Unknown command.
Unknown command.
Unknown command.
You hit the adder but do no damage.
The adder is lightly wounded.
The adder bites you.
* * * LOW HITPOINT WARNING * * *
The adder bites you.
You die...

... #.# {... .#
#.##.# {
#.##.#######
#.##.#PP..P#
#.##.#P.P.^#
#.##.#PP_PP#
.##.##....#^...P#
#.........#P..^P#
#S##.#####.###.###
# #..##P.#
##.#PS.# #.##@P#
#.##.## #....#
######


You could see an adder.

Vanquished Creatures
  A dart slug (D:1)
  4 bats
  An endoplasm (D:1)
  A giant cockroach (D:1)
  3 kobolds (D:1)
  2 ball pythons (D:1)
  A frilled lizard (D:1)
  A rat (D:1)
14 creatures vanquished.

Vanquished Creatures (others)
  3 fungi (D:2)
  2 plants
5 creatures vanquished.

Grand Total: 19 creatures vanquished

Notes
Turn   | Place    | Note
-------+----------+-------------------------------------------
     0 | D:1      | petzl the Formicid Arcane Marksman began the quest for the
                  | Orb.
     0 | D:1      | Reached XP level 1. HP: 15/15 MP: 2/2
   105 | D:1      | Noticed a black bear
   105 | D:1      | Noticed a hound
   105 | D:1      | Noticed a lindwurm
   106 | D:1      | Noticed an iguana
   106 | D:1      | Noticed a wyvern
   371 | D:1      | Reached XP level 2. HP: 21/21 MP: 3/3
  1209 | D:2      | Reached skill level 1 in Stealth
  1259 | D:2      | Found a faded altar of an unknown god.
  1831 | D:2      | HP: 1/20 [gnoll/+0 whip (4)]
  1839 | D:2      | HP: 1/20 [rat (1)]
  1850 | D:2      | You fall into a shaft and drop 1 floor!
  1911 | D:3      | Found a sacrificial altar of Ru.
  1980 | D:3      | Slain by an adder

Illustrated notes

Levels and vault maps discovered:
D:1:      onia_arrival_zoo_common, layout_loops_cross
D:2:      layout_loops_cross, shapermc_ecumenical_altar_acropolis
D:3:      layout_loops_ring, overflow_temple_1_default,
          nicolae_ru_the_path_less_chosen

Skill      XL: |  1  2 |
---------------+-------+-----
Dodging        | 2 |  2.0
Stealth        | 1 |  1.0
Fighting       | |  1.3
Crossbows      | |  2.2
Armour         | |  0.7
Spellcasting   | |  1.3
Hexes          | |  3.6

Action                   || total
-------------------------++-------
Melee: Short sword       ||   102
       Unarmed           ||     4
Throw: Dart              ||     8
       Stone             ||     1
 Cast: Slow              ||    19
 Abil: Dig               ||     1
       Shaft Self        ||     1
  Use: Potion            ||     1
Armor: Ring mail         ||   102
       Robe              ||     4
Dodge: Dodged            ||   120

Table legend: (Time is in decaauts)
 A = Elapsed time spent in this place.
 B = Non-inter-level travel time spent in this place.
 C = Inter-level travel time spent in this place.
 D = Time resting spent in this place.
 E = Time spent auto-exploring this place.
 F = Levels seen in this place.
 G = Mean time per level.
                   A        B        C        D        E       F      G
               +--------+--------+--------+--------+--------+-----+--------+
         Total |   1996 |   1922 |     74 |    505 |    577 |   3 |  665.3 |
       Dungeon |   1996 |   1922 |     74 |    505 |    577 |   3 |  665.3 |
               +--------+--------+--------+--------+--------+-----+--------+

Top non-repeatable levels by time:
     D:1: 1325 daAuts
     D:2: 540 daAuts
     D:3: 130 daAuts
